 Dungeon Crawl Stone Soup version 0.31-a0-865-g3d5d91748a (webtiles) character file.

Game seed: 14523782628657022416

700 Dirtsage the Ruffian (level 7, -1/46 HPs)
             Began as an Octopode Shapeshifter on Oct 11, 2023.
             Was a Follower of Wu Jian.
             Slain by a wyvern (7 damage)
             ... on level 5 of the Dungeon.
             The game lasted 00:08:48 (3415 turns).

Dirtsage the Ruffian (Octopode Shapeshifter)        Turns: 3415, Time: 00:08:49

Health: -1/46      AC:  1    Str: 15      XL:     7   Next: 65%
Magic:  7/7        EV: 12    Int: 13      God:    Wu Jian [*.....]
Gold:   202        SH:  3    Dex:  9 (11) Spells: 6/6 levels left

rFire   . .          .
                       - Unarmed
rCold   . . .        s - +0 buckler
rNeg    . . .        (helmet currently unavailable)
rPois   .            (no amulet)
rElec   .            (no ring)
rCorr   .            (no ring)
SInv    .            (no ring)
Will    .....        (no ring)
Stlth   ++           (no ring)
HPRegen 0.27/turn    (no ring)
MPRegen 0.10/turn    (no ring)
                     (no ring)

%: no passive effects
@: beast-form
A: beast (slay +3), almost no armour, amphibious, 8 rings, camouflage 1,
gelatinous body 1, (nimble swimmer 1), tentacles
a: Begin Untransformation, Renounce Religion


You were on level 5 of the Dungeon.
You worshipped Wu Jian.
Wu Jian was aware of your devotion.
You were a hulking beast.
You visited 1 branch of the dungeon, and saw 5 of its levels.

You collected 202 gold pieces.

Inventory:

Armour
 j - a +0 tower shield
 s - a +0 buckler (worn)
Talismans
 b - a beast talisman (active)
 c - a flux talisman
Scrolls
 d - a scroll of noise
 e - a scroll of fog {unknown}
 f - a scroll of immolation
 g - a scroll of fear
 i - a scroll of enchant weapon {unknown}
 p - 2 scrolls of amnesia
 t - 3 scrolls of teleportation
 v - a scroll of summoning {unknown}
Potions
 a - 2 potions of lignification
 h - 2 potions of heal wounds {unknown}
 k - a potion of might {unknown}
 l - a potion of mutation {unknown}
 m - 2 potions of ambrosia {unknown}
 n - a potion of cancellation {unknown}
 o - 3 potions of attraction {unknown}
 q - a potion of degeneration {unknown}
 r - a potion of curing {unknown}
 u - a potion of enlightenment {unknown}


   Skills:
 + Level 3.6 Fighting
 - Level 2.0 Dodging
 + Level 0.1 Shields
 * Level 5.9 Unarmed Combat
 * Level 5.6 Shapeshifting


You had 6 spell levels left.
You didn't know any spells.
Your spell library contained the following spells:

 Spells                   Type           Power      Damage    Failure   Level
 Inner Flame              Hex/Fire       0%         N/A       77%         3
 Flame Wave               Conj/Fire      0%         2d4       99%         4
 Sticky Flame             Conj/Fire      0%         2d3       99%         4


Dungeon Overview and Level Annotations

Branches:
Dungeon (5/15)
 Temple: D:4-7

Altars:
Okawaru
Wu Jian
Xom
Yredelemnul

Shops:
D:5 (


Innate Abilities, Weirdness & Mutations

You are a hulking beast.
Your limbs bulge with bestial killing power. (Slay +3)
You cannot wear most types of armour.
You are amphibious.
You can wear up to eight rings at the same time.
Your skin changes colour to match your surroundings (Stealth+).
Your rubbery body absorbs attacks. (AC +1, EV +1)
((You are camouflaged when in or above water. (Stealth+)))
You have tentacles for arms and can constrict up to eight enemies at once.


Message History

HP restored.
You see here an iguana corpse.
Found Guahutz's Weapon Shoppe.
Health restored: 46
u - an emerald potion
There is an entrance to Guahutz's Weapon Shoppe here.
v - a scroll labelled LODWAT OT BEI A wyvern comes into view.
Okay, then.
The wyvern hisses angrily.
You lunge at the wyvern.
You tentacle-slap the wyvern. Your squeeze misses the wyvern.
The wyvern is lightly wounded.
The wyvern bites you.
You take 5 damage, and have 41/46 hp.
You bludgeon the wyvern!
The wyvern is heavily wounded.
The wyvern bites you! The wyvern bites you.
You take 14 damage, and have 27/46 hp.
MASSIVE DAMAGE!!
You tentacle-slap the wyvern.
The wyvern is heavily wounded.
The wyvern completely misses you.
You tentacle-slap the wyvern but do no damage.
You tentacle-slap the wyvern, but do no damage.
The wyvern is heavily wounded.
The wyvern bites you.
You take 4 damage, and have 23/46 hp.
You completely miss the wyvern.
The wyvern is heavily wounded.
The wyvern bites you!
* * * LOW HITPOINT WARNING * * *
The wyvern misses you.
You take 17 damage, and have 6/46 hp.
MASSIVE DAMAGE!!
You closely miss the wyvern.
The wyvern is heavily wounded.
The wyvern barely misses you.
You tentacle-slap the wyvern.
The wyvern is severely wounded.
The wyvern bites you!
You die...

#.......##......#..#
##.....##............
........#.............
..............#....###
..............#....#
..............#...##
..............#...#
!.....$.........
........h........
........l........
................
#...............
#............#..
..............#
.............##
...........#..


You could see a wyvern.

Vanquished Creatures
  Grinder (D:3)
  A hound (D:3)
  3 quasits (D:4)
  Jessica (D:3)
  Natasha (thrice) (D:3)
  An orc wizard (D:4)
  An iguana (D:5)
  3 gnolls (D:3)
  4 adders
  A shadow imp (D:4)
  3 white imps (D:4)
  3 ufetubi (D:4)
  2 dart slugs
  11 orcs
  14 ball pythons
  5 endoplasms
  13 giant cockroaches (D:2)
  8 goblins
  8 hobgoblins
  4 quokkas
  5 bats
  2 frilled lizards (D:2)
  8 kobolds
  3 rats
108 creatures vanquished.

Notes
Turn   | Place    | Note
-------+----------+-------------------------------------------
     0 | D:1      | Dirtsage the Octopode Shapeshifter began the quest for the
                  | Orb.
     0 | D:1      | Reached XP level 1. HP: 13/13 MP: 1/1
   170 | D:1      | Reached XP level 2. HP: 18/18 MP: 2/2
   697 | D:1      | Reached XP level 3. HP: 13/23 MP: 3/3
   899 | D:2      | Found a faded altar of an unknown god.
  1024 | D:2      | Reached XP level 4. HP: 25/29 MP: 4/4
  1612 | D:3      | Reached XP level 5. HP: 27/34 MP: 5/5
  1657 | D:3      | Found a basalt altar of Yredelemnul.
  1657 | D:3      | Noticed Grinder
  1771 | D:3      | Killed Grinder
  1772 | D:3      | Reached skill level 5 in Unarmed Combat
  1772 | D:3      | Reached XP level 6. HP: 14/41 MP: 6/6
  1917 | D:3      | Found an ornate altar of the Wu Jian Council.
  1931 | D:3      | Became a worshipper of the Wu Jian Council
  1967 | D:3      | Noticed Natasha
  1973 | D:3      | Killed Natasha
  2005 | D:3      | Noticed Jessica
  2010 | D:3      | Killed Jessica
  2098 | D:3      | Reached skill level 5 in Shapeshifting
  2116 | D:3      | Reached XP level 7. HP: 45/46 MP: 7/7
  2148 | D:3      | Noticed Natasha
  2262 | D:3      | Killed Natasha
  2369 | D:3      | Noticed Natasha
  2376 | D:3      | Killed Natasha
  2758 | D:4      | Found a shimmering altar of Xom.
  2771 | D:4      | Reached * piety under Wu Jian
  3289 | D:4      | Found an iron altar of Okawaru.
  3331 | D:5      | Entered Level 5 of the Dungeon
  3375 | D:5      | Found Guahutz's Weapon Shoppe.
  3405 | D:5      | Noticed a wyvern
  3415 | D:5      | Slain by a wyvern

Illustrated notes

Levels and vault maps discovered:
D:1:      onia_arrival_mini_spirals, layout_basic
D:2:      minmay_roachtagon, layout_loops_ring,
          hellmonk_ecumenical_altar_lost_god, minmay_bisected
D:3:      layout_loops_ring, lemuel_tele_altar, nicolae_wu_jian_wuxing_cycle,
          minmay_misc_feat_cross, uniq_jessica, uniq_grinder, uniq_natasha
D:4:      layout_rooms, kennysheep_mini, lemuel_round_altar, serial_demonic,
          serial_demonic_g, serial_demonic_g, serial_demonic_d,
          serial_demonic_a, serial_demonic_c
D:5:      cheibrodos_quashed, layout_layer_cave, lemuel_crystal_altar,
          serial_shops, nicolae_inconvenience_store,
          nicolae_shop_just_a_little_nook, nicolae_shop_tiny_statue_garden,
          shop, shop

Skill      XL: |  1  2  3  4  5  6 |
---------------+-------------------+-----
Fighting       | 2 3 |  3.6
Unarmed Combat | 4 5 |  5.9
Shapeshifting  | 4 5 |  5.6
Dodging        | |  2.0
Shields        | |  0.1

Action                     |  1- 3 |  4- 6 |  7- 9 || total
---------------------------+-------+-------+-------++-------
  Melee: Unarmed           |    71 |    81 |    85 ||   237
         Constrict         |    24 |    16 |    16 ||    56
         Tentacles         |    14 |    16 |    16 ||    46
         Punch             |     1 |       |     2 ||     3
Ability: Lunge             |       |     3 |     7 ||    10
         Whirlwind         |       |       |     1 ||     1
    Use: Scroll            |       |       |     5 ||     5
   Stab: Sleeping          |     4 |     9 |     3 ||    16
 Armour: Skin              |    34 |    28 |    46 ||   108
  Dodge: Dodged            |    41 |    38 |    49 ||   128

Table legend: (Time is in decaauts)
 A = Elapsed time spent in this place.
 B = Non-inter-level travel time spent in this place.
 C = Inter-level travel time spent in this place.
 D = Time resting spent in this place.
 E = Time spent auto-exploring this place.
 F = Levels seen in this place.
 G = Mean time per level.
                   A        B        C        D        E       F      G
               +--------+--------+--------+--------+--------+-----+--------+
         Total |   3395 |   3289 |    106 |    104 |   2614 |   5 |  679.0 |
       Dungeon |   3395 |   3289 |    106 |    104 |   2614 |   5 |  679.0 |
               +--------+--------+--------+--------+--------+-----+--------+

Top non-repeatable levels by time:
     D:3: 986 daAuts
     D:1: 815 daAuts
     D:4: 778 daAuts
     D:2: 732 daAuts
     D:5: 83 daAuts
